 Dungeon Crawl Stone Soup version 0.17-a0-1714-g35622ae (webtiles) character file.

7262 kae the Fencer (level 10, -3/88 HPs)
             Began as a Minotaur Fighter on Aug 23, 2015.
             Was an Initiate of Makhleb.
             Slain by a hill giant
             ... wielding a +0 giant club
              (25 damage)
             ... on level 10 of the Dungeon.
             The game lasted 00:11:43 (10097 turns).

kae the Fencer (Minotaur Fighter)                  Turns: 10097, Time: 00:11:43

Health: -3/88      AC: 22    Str: 22    XL:     10   Next: 89%
Magic:  9/9        EV:  6    Int:  7    God:    Makhleb [......]
Gold:   410        SH:  0    Dex: 10    Spells: 0 memorised, 9 levels left

rFire  . . .     SeeInvis .     M - +1 great sword
rCold  . . .     Clarity  .     O - +3 plate armour
rNeg   . . .     SustAt   .     (no shield)
rPois  .         Gourm    .     C - +2 hat
rElec  .         Spirit   .     D - +0 cloak
rCorr  .         Warding  .     o - +0 pair of gloves
rMut   .         Stasis   .     J - +0 pair of boots
MR     .....                    (no amulet)
Stlth  ..........               (no ring)
                                (no ring)

@: lethally poisoned (-3 -> -5), about to teleport, not resistant to hostile
enchantments, extremely unstealthy
A: retaliatory headbutt, horns 2
a: Renounce Religion


You were on level 10 of the Dungeon.
You worshipped Makhleb.
Makhleb was noncommittal.
You were hungry.

You visited 2 branches of the dungeon, and saw 11 of its levels.

You collected 526 gold pieces.
You spent 116 gold pieces at shops.

Inventory:

Hand weapons
 a - a +0 long sword
 M - a +1 great sword (weapon)
Missiles
 I - a throwing net (quivered)
Armour
 o - a +0 pair of gloves (worn)
 C - a +2 hat (worn)
 D - a +0 cloak (worn)
 J - a +0 pair of boots (worn)
 O - a +3 plate armour (worn)
Jewellery
 s - an uncursed amulet of faith
 u - an uncursed amulet of faith
Magical devices
 c - a wand of flame (16)
 y - a wand of frost (17)
 K - a wand of confusion (15)
Scrolls
 g - 6 scrolls of remove curse
 i - a scroll of enchant weapon
 j - a scroll of immolation
 l - 5 scrolls of identify
 m - 2 scrolls of fog
 n - 2 scrolls of teleportation
 r - a scroll of random uselessness {unknown}
 t - 2 scrolls of fear {unknown}
 A - 4 scrolls of amnesia {unknown}
 B - 2 scrolls of blinking {unknown}
 F - 2 scrolls of enchant armour {unknown}
 Q - a scroll of magic mapping {unknown}
 R - a scroll of recharging {unknown}
Potions
 e - a potion of lignification {unknown}
 f - 3 potions of curing
 k - 2 potions of brilliance
 v - a potion of poison {unknown}
 x - 2 potions of cure mutation {unknown}
 E - 4 potions of flight {unknown}
 H - a potion of cancellation {unknown}
Books
 d - a book of Alchemy

   Spells                             Type                      Level
   a - Sublimation of Blood           Necromancy                   2
   b - Ignite Poison                  Fire/Transmutation/Poison    3
   c - Alistair's Intoxication        Transmutation/Poison         4
   d - Condensation Shield            Ice                          4
   e - Petrify                        Transmutation/Earth          4
   f - Irradiate                      Conjuration/Transmutation    5
 w - a book of Fire

   Spells                             Type                      Level
   a - Ignite Poison                  Fire/Transmutation/Poison    3
   b - Fireball                       Conjuration/Fire             5
   c - Bolt of Fire                   Conjuration/Fire             6
   d - Delayed Fireball               Conjuration/Fire             7
   e - Ring of Flames                 Charms/Fire                  7
 L - a book of Geomancy

   Spells                             Type                      Level
   a - Sandblast                      Earth                        1
   b - Stoneskin                      Transmutation/Earth          2
   c - Passwall                       Transmutation/Earth          3
   d - Stone Arrow                    Conjuration/Earth            3
   e - Petrify                        Transmutation/Earth          4
   f - Lee's Rapid Deconstruction     Earth                        5
 N - a book of Air

   Spells                             Type                      Level
   a - Shock                          Conjuration/Air              1
   b - Swiftness                      Charms/Air                   2
   c - Repel Missiles                 Charms/Air                   2
   d - Static Discharge               Conjuration/Air              3
   e - Lightning Bolt                 Conjuration/Air              5
 P - a book of Burglary

   Spells                             Type                      Level
   a - Swiftness                      Charms/Air                   2
   b - Passwall                       Transmutation/Earth          3
   c - Passage of Golubria            Translocation                4
   d - Lee's Rapid Deconstruction     Earth                        5
   e - Darkness                       Hexes                        6
   f - Invisibility                   Hexes                        6
Comestibles
 p - 2 meat rations
 q - 2 beef jerkies
 z - 5 bread rations
 G - 9 royal jellies


   Skills:
 + Level 7.9 Fighting
 - Level 16.4 Long Blades
 + Level 7.8 Armour
   Level 3.6 Shields


You had 9 spell levels left.
You didn't know any spells.

Dungeon Overview and Level Annotations

Branches:
Dungeon (10/15)            Temple (1/1) D:4            Lair (0/8) D:9
    Orc: D:9-12

Altars:
Ashenzari
Cheibriados
Dithmenos
Elyvilon
Fedhas
Gozag
Kikubaaqudgha
Makhleb
Nemelex Xobeh
Okawaru
Qazlal
Ru
Sif Muna
Trog
Vehumet
Xom
Yredelemnul
Zin
The Shining One

Shops:
D:4 [

Annotations:
D:10 Maurice


Innate Abilities, Weirdness & Mutations

You reflexively headbutt those who attack you in melee.
You have a pair of horns on your head.


Message History

You furiously retaliate!
You headbutt the killer bee, but do no damage.
The hill giant hits you with a giant club!
* * * LOW HITPOINT WARNING * * *
You miss the killer bee.
The killer bee is lightly wounded.
You feel sick.
The killer bee stings you but does no damage.
The killer bee barely misses you.
Unknown command.
You closely miss the killer bee.
The killer bee is lightly wounded.
The hill giant closely misses you. The killer bee stings you.
* * * LOW HITPOINT WARNING * * *
Unknown command.
You closely miss the killer bee.
The killer bee is lightly wounded.
The killer bee closely misses you.
The hill giant hits you with a giant club!!
You die...

#. ##.# #.# #.#
######.###.####.# #.#
#.............#.# #.#
####..........# #####.#
#...##C##.### #.....#
...C...##y##.# #.###.#
..###/.y##.##.#
##.###.#
##.###C##.######...##.#
#. #@##........#.<...
#. #y#########...####
#. #§# ##.## §.§ ...#
### ###.# #.# #.#


You could see a hill giant (inner flame) and 2 killer bees.

Vanquished Creatures
  A queen bee (D:8)
  Grinder (D:3)
  Sigmund (D:6)
  Eustachio (D:4)
  2 wyverns
  Menkaure (D:4)
  Edmund (D:6)
  An ice beast (D:6)
  A phantom (D:7)
  A black bear (D:7)
  8 ogres
  4 centaurs
  3 orc warriors
  15 big kobolds (D:8)
  3 giant frogs
  A gnoll sergeant (D:5)
  A water moccasin zombie (D:9)
  A scorpion (D:4)
  A wyvern skeleton (D:7)
  9 wights
  21 killer bees
  2 quasits
  2 centaur zombies
  6 crimson imps
  6 hounds
  12 orc wizards
  3 giant frog skeletons
  3 orc priests
  A centaur skeleton (D:4)
  4 jellies
  5 worker ants
  5 iguanas
  A killer bee zombie (D:8)
  2 hound zombies
  12 adders
  9 gnolls
  3 shadow imps
  2 oozes
  4 worms
  2 giant geckos
  37 orcs
  4 giant cockroaches
  5 hobgoblins
  11 jackals
  3 quokkas
  A ball python (D:1)
  8 bats
  3 giant newts
  6 goblins
  17 kobolds
  A quokka zombie (D:5)
  4 rats
262 creatures vanquished.

Vanquished Creatures (others)
  An adder zombie (D:9)
1 creature vanquished.

Grand Total: 263 creatures vanquished

Notes
Turn   | Place    | Note
--------------------------------------------------------------
     0 | D:1      | kae the Minotaur Fighter began the quest for the Orb.
     0 | D:1      | Reached XP level 1. HP: 19/19 MP: 0/0
   271 | D:1      | Reached XP level 2. HP: 26/26 MP: 1/1
   877 | D:2      | Reached skill level 4 in Long Blades
   877 | D:2      | Reached XP level 3. HP: 31/31 MP: 2/2
  1130 | D:2      | Reached skill level 5 in Long Blades
  1159 | D:2      | Reached XP level 4. HP: 27/39 MP: 3/3
  1554 | D:3      | Noticed Grinder
  1569 | D:3      | Killed Grinder
  1569 | D:3      | Reached skill level 7 in Long Blades
  1569 | D:3      | Reached XP level 5. HP: 30/45 MP: 4/4
  1569 | D:3      | Reached XP level 6. HP: 34/51 MP: 5/5
  1657 | D:3      | Found a shimmering altar of Xom.
  1665 | D:3      | Reached skill level 8 in Long Blades
  2286 | D:4      | Reached skill level 9 in Long Blades
  2292 | D:4      | Reached XP level 7. HP: 33/57 MP: 6/6
  2580 | D:4      | Noticed Menkaure
  2591 | D:4      | Killed Menkaure
  2788 | D:4      | Reached skill level 10 in Long Blades
  2920 | D:4      | Found Noepakk's Antique Armour Shop.
  2926 | D:4      | Bought a glowing hat for 116 gold pieces
  2955 | D:4      | Found a staircase to the Ecumenical Temple.
  3022 | Temple   | Entered the Ecumenical Temple
  3180 | D:4      | HP: 1/57 [ogre/giant club (19)]
  3481 | D:4      | Reached skill level 11 in Long Blades
  3481 | D:4      | Reached XP level 8. HP: 52/64 MP: 7/7
  3680 | D:4      | Noticed Eustachio
  3689 | D:4      | Killed Eustachio
  3960 | D:5      | Entered Level 5 of the Dungeon
  3971 | D:5      | Reached skill level 12 in Long Blades
  4368 | D:5      | Found a shadowy altar of Dithmenos.
  4620 | D:5      | Reached skill level 13 in Long Blades
  4882 | D:6      | Reached XP level 9. HP: 12/70 MP: 8/8
  5177 | D:6      | Noticed Edmund
  5207 | D:6      | Killed Edmund
  5491 | D:6      | Reached skill level 14 in Long Blades
  5710 | D:6      | Found a radiant altar of Vehumet.
  5759 | D:6      | Noticed Sigmund
  5765 | D:6      | Killed Sigmund
  5921 | D:6      | Found a deep blue altar of Sif Muna.
  6474 | D:7      | Reached skill level 15 in Long Blades
  6817 | D:7      | Found a snail-covered altar of Cheibriados.
  6817 | D:7      | Found a stormy altar of Qazlal.
  7051 | D:8      | Reached skill level 16 in Long Blades
  7073 | D:8      | Reached XP level 10. HP: 56/77 MP: 9/9
  7707 | D:8      | Reached skill level 5 in Fighting
  7707 | D:8      | Reached skill level 5 in Armour
  9568 | D:9      | Found a burning altar of Makhleb.
  9570 | D:9      | Found a staircase to the Lair.
  9577 | D:9      | Became a worshipper of Makhleb the Destroyer
  9793 | D:10     | Entered Level 10 of the Dungeon
 10069 | D:10     | Noticed Maurice
 10075 | D:10     | Noticed a hill giant
 10097 | D:10     | Slain by a hill giant

Vault maps used:
D:1:      dpeg_arrival_tiny_g
D:2:      first_bread
D:3:      led_xom_imps, uniq_grinder
D:4:      forest_paths, temple_fountains, serial_shops, shop, uniq_eustachio,
          uniq_menkaure
D:5:      nicolae_overflow_crystal_walls, kennysheep_pointless_box
D:6:      overflow_temple_1_default, lemuel_blue_sif_altar, uniq_sigmund,
          uniq_edmund
D:7:      gammafunk_temple_overflow_elements, serial_aquarium,
          aquarium_bridge_long_joined, aquarium_bridge_square,
          aquarium_window_corridor_2, aquarium_window_fake, aquarium_window_1,
          aquarium_view_2f, aquarium_view_2c, aquarium_pool_2
D:8:      special_room, david_nohive_1
D:9:      lemuel_crystal_altar, lair_0_dummy, lemuel_flame_loot_1
D:10:     serial_shops, shop, corner_web_ring, uniq_maurice
Temple:   circular_temple_12

Action                   |  1- 3 |  4- 6 |  7- 9 | 10-12 || total
-------------------------+-------+-------+-------+-------++-------
Melee: Long sword        |    89 |   114 |   453 |   165 ||   821
       Great sword       |       |       |       |   167 ||   167
  Use: Potion            |       |       |     4 |     3 ||     7
       Scroll            |       |       |       |     8 ||     8
  Eat: Chunk             |     1 |     3 |     5 |     6 ||    15
       Fruit             |       |     1 |     1 |       ||     2
       Bread ration      |       |       |     1 |       ||     1
       Meat ration       |       |       |     1 |       ||     1
       Beef jerky        |       |       |       |     2 ||     2
